 Dungeon Crawl Stone Soup version 0.25.0-9-g26727b657a (webtiles) character file.

Game seed: 13375958278346578470

249 Froggeryz the Ruffian (level 6, 0/34 HPs)
             Began as a Gargoyle Transmuter on June 20, 2020.
             Killed by divine providence
             ... invoked by an orc priest
              (11 damage)
             ... on level 4 of the Dungeon.
             The game lasted 00:03:30 (3469 turns).

Froggeryz the Ruffian (Gargoyle Transmuter)         Turns: 3469, Time: 00:03:31

Health: 0/34       AC: 11    Str: 15    XL:     6   Next: 12%
Magic:  9/9        EV:  9    Int: 14    God:
Gold:   106        SH:  0    Dex: 10    Spells: 8/9 levels left

rFire    + . .     SeeInvis .     - Unarmed
rCold    . . .     Gourm    .   (no shield)
rNeg     + . .     Faith    .   m - +0 scale mail
rPois    ∞         Spirit   .   (no helmet)
rElec    +         Reflect  .   (no cloak)
rCorr    .         Harm     .   p - +0 pair of gloves
MR       .....                  (no boots)
Stlth    ..........             (no amulet)
HPRegen  0.11/turn              k - ring of protection from fire
MPRegen  0.11/turn              (no ring)

@: no status effects
A: negative energy resistance 1, electricity resistance, unbreathing,
petrification resistance, rot immunity, AC +4
a: no special abilities


You were on level 4 of the Dungeon.
You were not hungry.

You visited 1 branch of the dungeon, and saw 4 of its levels.

You collected 106 gold pieces.

Inventory:

Missiles
 a - 49 arrows
Armour
 m - a +0 scale mail (worn)
 p - a +0 pair of gloves (worn)
Jewellery
 k - a ring of protection from fire (left hand)
Scrolls
 b - a scroll of fog {unknown}
 c - a scroll of amnesia {unknown}
 e - 2 scrolls of immolation {unknown}
 f - 6 scrolls of identify {unknown}
 l - 2 scrolls of remove curse {unknown}
 o - 2 scrolls of teleportation {unknown}
 s - a scroll of noise {unknown}
 t - 2 scrolls of enchant armour {unknown}
 v - a scroll of enchant weapon {unknown}
 w - a scroll of magic mapping {unknown}
Potions
 g - 3 potions of curing {unknown}
 h - a potion of berserk rage {unknown}
 i - a potion of magic {unknown}
 j - a potion of haste {unknown}
 n - a potion of might {unknown}
 q - 2 potions of lignification {unknown}
 r - a potion of invisibility {unknown}
Comestibles
 d - 5 rations
 u - 10 chunks of flesh


   Skills:
 - Level 1.1 Fighting
 + Level 1.6 Armour
 - Level 1.5 Dodging
 * Level 6.4 Unarmed Combat
 - Level 2.0 Spellcasting
 - Level 1.5 Transmutations


You had 8 spell levels left.
You knew the following spells:

 Your Spells              Type           Power        Failure   Level  Hunger
a - Beastly Appendage     Tmut           #.....       45%         1    ##.....

Your spell library contained the following spells:

 Spells                   Type           Power        Failure   Level  Hunger
 Sticks to Snakes         Tmut           #.......     58%         2    ###....
 Spider Form              Tmut/Pois      #.........   90%         3    ####...
 Ice Form                 Ice/Tmut       #.......     100%        4    #####..
 Blade Hands              Tmut           #.........   100%        5    ######.


Dungeon Overview and Level Annotations

Branches:
Dungeon (4/15)
 Temple: D:4-7

Altars:
Sif Muna
Trog
Yredelemnul
Zin


Innate Abilities, Weirdness & Mutations

You are resistant to torment.
Your stone body is resilient. (AC +4)
You are immune to poison.
You resist negative energy. (rN+)
You are resistant to electric shocks. (rElec)
You can survive without breathing.
You are immune to petrification.
You are immune to rotting.


Message History

An orc wizard comes into view. It is wielding a +0 dagger.
There are monsters nearby!
There are monsters nearby!
An orc priest comes into view. It is wielding a +0 trident.
The orc priest shouts!
The orc wizard shouts!
The orc wizard mumbles some strange words.
The orc wizard blinks!
The orc priest invokes the aid of Beogh against you.
Beogh smites you!
The orc wizard mumbles some strange words.
The orc wizard seems to speed up.
The orc wizard gestures wildly while chanting.
The orc wizard blinks!
The orc wizard gestures wildly while chanting.
The orc wizard blinks!
The orc wizard gestures at you while chanting.
The magic dart hits you.
The orc priest invokes the aid of Beogh against you.
Beogh smites you!
You die...

.# #######>.
#########........
#..<)).)@........
#########........
#........
#o.......
#........
###.####### ##
#...o§.# #⌠# #
#......######8.#.#
#.....o...........


You could see an orc priest and an orc wizard (fast).

Vanquished Creatures
  An orc wizard (D:4)
  2 worker ants
  3 gnolls (D:2)
  5 adders
  3 oozes
  3 worms
  A dart slug (D:1)
  2 leopard geckos
  4 orcs
  5 giant cockroaches
  7 goblins
  6 hobgoblins
  4 jackals (D:1)
  6 kobolds
  A quokka (D:3)
  9 bats
  3 frilled lizards
  11 rats
76 creatures vanquished.

Notes
Turn   | Place    | Note
-------+----------+-------------------------------------------
     0 | D:1      | Froggeryz the Gargoyle Transmuter began the quest for the
                  | Orb.
     0 | D:1      | Reached XP level 1. HP: 12/12 MP: 3/3
   105 | D:1      | Reached XP level 2. HP: 10/16 MP: 5/5
   682 | D:1      | Found a basalt altar of Yredelemnul.
   782 | D:1      | Reached skill level 4 in Unarmed Combat
   921 | D:1      | Reached XP level 3. HP: 13/20 MP: 6/6
  1578 | D:2      | Reached XP level 4. HP: 19/25 MP: 7/7
  1771 | D:2      | Reached skill level 5 in Unarmed Combat
  2203 | D:2      | Found a shimmering blue altar of Sif Muna.
  2220 | D:2      | Reached XP level 5. HP: 29/29 MP: 8/8
  2314 | D:2      | Found a bloodstained altar of Trog.
  2566 | D:3      | Reached skill level 6 in Unarmed Combat
  2713 | D:3      | Found a glowing silver altar of Zin.
  3315 | D:4      | Reached skill level 1 in Armour
  3332 | D:4      | Reached XP level 6. HP: 23/34 MP: 9/9
  3469 | D:4      | Killed from afar by an orc priest

Illustrated notes

Levels and vault maps discovered:
D:1:      dpeg_arrival_orchard, layout_basic, minivault_23,
          kennysheep_flooded_box
D:2:      layout_loops_ring, led_sif_pool, lemuel_coloured_pillars_altar,
          first_ration
D:3:      layout_basic, lemuel_doored_altar, kennysheep_generic_room_5
D:4:      minmay_bubble_buster, layout_basic, minitemple,
          nicolae_overflow_hidden_temple, minmay_temple_entry_proselytizer,
          gammafunk_ghost_smash, minmay_manual_mail

Skill      XL: |  1  2  3  4  5 |
---------------+----------------+-----
Unarmed Combat | 4 5 6 |  6.4
Armour         | 1 |  1.6
Fighting       | |  1.1
Dodging        | |  1.5
Spellcasting   | |  2.0
Transmutations | |  1.5

Action                   |  1- 3 |  4- 6 || total
-------------------------+-------+-------++-------
Melee: Unarmed           |   120 |   197 ||   317
       Punch             |     2 |     8 ||    10
  Eat: Chunk             |     2 |     6 ||     8
Armor: Robe              |    17 |       ||    17
       Scale mail        |    30 |   125 ||   155
Dodge: Dodged            |    69 |   103 ||   172
